 Dungeon Crawl Stone Soup version 0.17-a0-670-g5d95ebd (webtiles) character file.

20365 BluebellGnoll the Unseen (level 12, -3/51 HPs)
             Began as a Spriggan Enchanter on Apr 18, 2015.
             Was a High Priest of Vehumet.
             Killed from afar by Josephine (23 damage)
             ... with a ghostly fireball
             ... on level 6 of the Lair of Beasts.
             The game lasted 01:22:08 (16077 turns).

BluebellGnoll the Unseen (Spriggan Enchanter)      Turns: 16077, Time: 01:22:09

Health: -3/51      AC:  3    Str:  4    XL:     12   Next: 44%
Magic:  13/23      EV: 28    Int: 22    God:    Vehumet [*****.]
Gold:   883        SH:  0    Dex: 16    Spells: 6 memorised, 9 levels left

rFire  + . .     SeeInvis +     a - +2 short sword (venom)
rCold  . . .     Clarity  .     w - +1 robe {rN+}
rNeg   + . .     SustAb   .     (shield restricted)
rPois  .         Gourm    .     (helmet restricted)
rElec  .         Spirit   .     (no cloak)
rCorr  .         Warding  .     (gloves unavailable)
rMut   .         Stasis   .     (boots unavailable)
MR     +++..                    (no amulet)
Stlth  +++++++++.               U - ring of protection from magic
                                f - ring of protection from fire

@: very slightly contaminated, very quick, extremely resistant to hostile
enchantments, incredibly stealthy
A: unfitting armour, see invisible, herbivore 3, speed 3, slow metabolism 2
a: Renounce Religion


You were on level 6 of the Lair of Beasts.
You worshipped Vehumet.
Vehumet was extremely pleased with you.
You were very full.

You visited 3 branches of the dungeon, and saw 18 of its levels.

You collected 883 gold pieces.

Inventory:

Hand weapons
 a - a +2 short sword of venom (weapon)
 b - a +0 blowgun
 H - a +0 rapier of freezing
Missiles
 c - 7 needles of confusion
 n - 68 poisoned needles
 p - 30 tomahawks (quivered)
Armour
 w - a +1 robe of positive energy (worn)
Magical staves
 z - an uncursed staff of energy
Jewellery
 f - a ring of protection from fire (left hand)
 k - an uncursed ring of fire
 C - an uncursed ring of flight
 U - a ring of protection from magic (right hand)
Magical devices
 q - a wand of confusion (30)
 v - a wand of flame (34)
 y - a wand of fire (4)
 B - a wand of paralysis (4)
 L - a wand of hasting (4)
 Y - a wand of teleportation (6)
 Z - a wand of invisibility (2)
Scrolls
 h - 4 scrolls of blinking
 j - 6 scrolls of remove curse
 o - 6 scrolls of teleportation
 G - 3 scrolls of magic mapping
 K - 3 scrolls of fear
Potions
 e - 3 potions of restore abilities {unknown}
 g - 6 potions of haste
 i - a potion of cure mutation {unknown}
 m - a potion of cancellation {unknown}
 s - 2 potions of might
 t - a potion of heal wounds
 F - 2 potions of magic
 I - 6 potions of agility
 J - 5 potions of curing
 N - a potion of flight
 O - a potion of invisibility {unknown}
 V - a potion of lignification {unknown}
 W - a potion of berserk rage {unknown}
 X - a potion of brilliance {unknown}
Comestibles
 d - 10 bread rations


   Skills:
 - Level 7.1 Short Blades
 - Level 3.4 Throwing
 - Level 12.8 Dodging
 - Level 20.0 Stealth
 - Level 7.2 Spellcasting
 - Level 9.0 Hexes
 + Level 6.7 Evocations


You had 9 spell levels left.
You knew the following spells:

 Your Spells              Type           Power        Failure   Level  Hunger
b - Ensorcelled Hibernat  Hex/Ice        ####..       1%          2    None
c - Confuse               Hex            #####...     1%          3    None
d - Tukima's Dance        Hex            #####...     1%          3    None
e - Dazzling Spray        Conj/Hex       ####....     1%          3    None
g - Mephitic Cloud        Conj/Pois/Air  #.......     8%          3    None
r - Repel Missiles        Chrm/Air       #.....       14%         2    None


Dungeon Overview and Level Annotations

Branches:
Dungeon (11/15)            Temple (1/1) D:6            Lair (6/8) D:11
 Shoals (0/5) Lair:4        Snake (0/5) Lair:4
  Slime: Lair:6-8       Orc: D:9-12

Altars:
Dithmenos
Fedhas
Gozag
Sif Muna
Trog
Vehumet
Xom

Shops:
D:6 %

Annotations:
D:2 fly
Lair:6 Josephine


Innate Abilities, Weirdness & Mutations

You are tiny and cannot use many weapons and most armour.
You have supernaturally acute eyesight.
You are a herbivore.
You cover ground extremely quickly.
You need consume almost no food.


Message History

Aiming: Confuse
Press: ? - help, Shift-Dir - straight line, f - Josephine, p - fire drake
Aim: Josephine, wielding a dagger, wearing an embroidered robe and carrying a wand of hasting {zapped: 1} (fast, chance 36%)
You miscast Confuse.
You are very lightly contaminated with residual magic.
You hear an indistinct dissonance whispering inside your mind.
Josephine says, "How about some decapitation?"
Casting: Confuse
Confirm with . or Enter, or press ? or * to list all spells.
Aiming: Confuse
Press: ? - help, Shift-Dir - straight line, f/p - Josephine
Aim: Josephine, wielding a dagger, wearing an embroidered robe and carrying a wand of hasting {zapped: 1} (fast, chance 36%) Josephine easily resists.
Josephine points at you and mumbles some strange words.
The ghostly flame explodes!
The ghostly fireball engulfs you! You partially resist.
Josephine casts a spell at you.
The ghostly flame explodes!
The ghostly fireball engulfs you! You partially resist.
You die...

#..#.## ##...##
... #.....# #....
##...## .....
##...###..)...
#....#P.#......
##P.............
#...........#...
##...@..........
#...........#
#...##......##..
#######..........
#@...###..
###W....#
#.(....#.....
##.....# ...
#......#


You could see Josephine and a wraith.

Vanquished Creatures
  A hydra (Lair:1)
  Nergalle (Lair:1)
  3 hill giants
  Pikel (D:4)
  2 elephants (Lair:6)
  Joseph (D:8)
  2 spiny frogs
  4 komodo dragons
  3 fire drakes
  A troll (D:11)
  5 blink frogs (Lair:5)
  A wyvern (Lair:3)
  Sigmund (D:3)
  2 deep elf magi
  Eustachio (D:5)
  The ghost of wvc the Cudgeler, an average DrAK of Lugonu (D:5)
  A human (D:7)
  A hog (D:7)
  A basilisk (Lair:3)
  10 yaks
  6 hippogriffs
  A hungry ghost (D:8)
  7 water moccasins
  3 nagas (Lair:4)
  8 wolves
  Duvessa (D:4)
  3 ice beasts
  8 porcupines
  A wasp (D:10)
  4 black bears
  A phantom (D:7)
  4 slaves (D:4)
  An eye of draining (D:9)
  An ogre (D:7)
  5 orc warriors
  5 centaurs
  8 crocodiles
  16 giant frogs
  A water moccasin zombie (D:7)
  Dowan (D:4)
  6 killer bees (D:10)
  A vampire bat (Lair:5)
  4 wights (D:10)
  2 scorpions
  An electric eel (Lair:4)
  5 crimson imps
  A giant frog zombie (D:9)
  2 jellies
  4 centaur skeletons
  8 orc priests
  A centaur zombie (D:5)
  5 hounds
  13 orc wizards
  A gnoll shaman (D:10)
  4 iguanas
  A worker ant (D:4)
  19 sheep
  Robin (D:4)
  14 gnolls
  31 river rats
  9 adders
  An ooze (D:5)
  An adder skeleton (D:4)
  3 worms
  6 giant geckos
  53 orcs
  A bat skeleton (D:4)
  7 giant cockroaches
  19 goblins
  17 hobgoblins
  3 jackals (D:2)
  29 bats
  6 giant newts
  11 kobolds
  4 quokkas
  11 rats
433 creatures vanquished.

Vanquished Creatures (collateral kills)
  A kobold (D:2)
1 creature vanquished.

Vanquished Creatures (others)
  A fungus (Lair:5)
  A plant (Lair:5)
2 creatures vanquished.

Grand Total: 436 creatures vanquished

Notes
Turn   | Place    | Note
--------------------------------------------------------------
     0 | D:1      | BluebellGnoll, the Spriggan Enchanter, began the quest for the Orb.
     0 | D:1      | Reached XP level 1. HP: 9/9 MP: 5/5
   112 | D:1      | Reached skill level 5 in Stealth
   190 | D:1      | Reached XP level 2. HP: 13/13 MP: 6/6
   214 | D:1      | Learned a level 2 spell: Ensorcelled Hibernation
   428 | D:1      | Reached skill level 6 in Stealth
   729 | D:2      | Reached XP level 3. HP: 6/16 MP: 5/8
  1077 | D:2      | Learned a level 3 spell: Confuse
  1418 | D:2      | Reached XP level 4. HP: 21/21 MP: 10/10
  1462 | D:2      | Learned a level 3 spell: Tukima's Dance
  1887 | D:3      | Found a blossoming altar of Fedhas.
  2350 | D:3      | Noticed Sigmund
  2357 | D:3      | Killed Sigmund
  2357 | D:3      | Reached skill level 5 in Spellcasting
  2357 | D:3      | Reached skill level 5 in Hexes
  2357 | D:3      | Reached XP level 5. HP: 22/24 MP: 7/13
  2468 | D:3      | Reached XP level 6. HP: 23/28 MP: 4/14
  2473 | D:3      | Learned a level 3 spell: Dazzling Spray
  2512 | D:3      | Found an opulent altar of Gozag.
  2513 | D:3      | Found a radiant altar of Vehumet.
  2700 | D:4      | Noticed Duvessa
  2700 | D:4      | Noticed Dowan
  2773 | D:4      | Noticed Pikel
  3189 | D:4      | Killed Pikel
  3189 | D:4      | Reached XP level 7. HP: 18/32 MP: 5/15
  3646 | D:4      | Reached skill level 7 in Dodging
  3799 | D:4      | Noticed Robin
  3823 | D:4      | Killed Robin
  4397 | D:3      | Found a bloodstained altar of Trog.
  4397 | D:3      | Found a shadowy altar of Dithmenos.
  4417 | D:3      | Became a worshipper of Vehumet
  4524 | D:4      | Killed Dowan
  4534 | D:4      | Killed Duvessa
  4534 | D:4      | Reached skill level 8 in Stealth
  4534 | D:4      | Reached XP level 8. HP: 29/36 MP: 5/18
  4613 | D:5      | Entered Level 5 of the Dungeon
  4644 | D:5      | Noticed wvc's ghost (average DrAK)
  4817 | D:5      | Reached skill level 9 in Stealth
  4905 | D:5      | Noticed Eustachio
  5016 | D:5      | Killed Eustachio
  5016 | D:5      | Reached skill level 10 in Stealth
  5153 | D:5      | Acquired Vehumet's first power
  5153 | D:5      | Offered knowledge of Magic Dart by Vehumet.
  5200 | D:5      | Killed wvc's ghost
  5608 | D:6      | Reached skill level 11 in Stealth
  5809 | D:6      | Found a bloodstained altar of Trog.
  5817 | D:6      | Found Taofuor's Food Shoppe.
  5929 | D:6      | Found a staircase to the Ecumenical Temple.
  5943 | D:6      | Reached XP level 9. HP: 39/39 MP: 17/20
  5962 | Temple   | Entered the Ecumenical Temple
  6052 | D:6      | Reached skill level 12 in Stealth
  6517 | D:7      | Learned a level 3 spell: Mephitic Cloud
  6520 | D:7      | Learned a level 2 spell: Repel Missiles
  6808 | D:7      | Reached skill level 13 in Stealth
  7353 | D:7      | Offered knowledge of Sandblast by Vehumet.
  7675 | D:7      | Reached skill level 14 in Stealth
  7989 | D:8      | Found a deep blue altar of Sif Muna.
  8414 | D:8      | Reached skill level 10 in Dodging
  8578 | D:8      | Noticed Joseph
  8590 | D:8      | Killed Joseph
  8590 | D:8      | Reached skill level 15 in Stealth
  8836 | D:9      | Noticed a hill giant
  8841 | D:9      | Killed a hill giant
  8841 | D:9      | Reached XP level 10. HP: 44/44 MP: 21/21
  8885 | D:9      | Found a blossoming altar of Fedhas.
  8895 | D:9      | Reached skill level 5 in Short Blades
  9053 | D:9      | Offered knowledge of Throw Frost by Vehumet.
  9363 | D:9      | Reached skill level 16 in Stealth
  9504 | D:9      | Acquired Vehumet's second power
  9794 | D:10     | Entered Level 10 of the Dungeon
  9819 | D:10     | Noticed a hill giant
  9841 | D:10     | Killed a hill giant
 10045 | D:10     | Offered knowledge of Airstrike by Vehumet.
 10045 | D:10     | Reached skill level 1 in Throwing
 10677 | D:10     | Acquired Vehumet's third power
 10897 | D:11     | Offered knowledge of Lee's Rapid Deconstruction by Vehumet.
 10997 | D:11     | Noticed a hill giant
 11073 | D:11     | Reached XP level 11. HP: 36/47 MP: 22/22
 11082 | D:11     | Found a staircase to the Lair.
 11134 | D:11     | Killed a hill giant
 11337 | Lair:1   | Entered Level 1 of the Lair of Beasts
 11426 | Lair:1   | Reached skill level 17 in Stealth
 11482 | Lair:1   | Noticed a six-headed hydra
 11510 | Lair:1   | Killed a six-headed hydra
 11579 | Lair:1   | Noticed Nergalle
 11692 | Lair:1   | Killed Nergalle
 11823 | Lair:1   | Reached skill level 18 in Stealth
 12495 | Lair:2   | Reached skill level 19 in Stealth
 13239 | Lair:3   | Offered knowledge of Poisonous Cloud by Vehumet.
 13482 | Lair:3   | Reached XP level 12. HP: 51/51 MP: 15/23
 14004 | Lair:4   | Found a staircase to the Snake Pit.
 14297 | Lair:4   | Found a staircase to the Shoals.
 15086 | Lair:5   | Reached skill level 20 in Stealth
 15293 | Lair:5   | Reached skill level 1 in Evocations
 15640 | Lair:6   | Reached skill level 5 in Evocations
 16065 | Lair:6   | Noticed Josephine
 16077 | Lair:6   | Killed from afar by Josephine

Action                   |  1- 3 |  4- 6 |  7- 9 | 10-12 || total
-------------------------+-------+-------+-------+-------++-------
Melee: Dagger            |   100 |    63 |   228 |       ||   391
       Short sword       |       |       |   184 |   525 ||   709
 Fire: Blowgun           |       |       |       |    16 ||    16
Throw: Tomahawk          |     5 |       |     4 |     1 ||    10
 Cast: Corona            |    11 |     3 |       |       ||    14
       Ensorcelled Hiber |     4 |     7 |    30 |    88 ||   129
       Confuse           |     2 |    15 |    46 |    63 ||   126
       Tukima's Dance    |       |     1 |     2 |       ||     3
       Dazzling Spray    |       |       |     7 |     6 ||    13
       Repel Missiles    |       |       |     1 |       ||     1
 Abil: Evoke Flight      |       |       |       |     1 ||     1
Evoke: Wand              |       |       |       |    13 ||    13
  Use: Scroll            |       |     4 |    17 |     8 ||    29
       Potion            |       |     1 |       |       ||     1
 Stab: Sleeping          |    18 |    12 |    31 |   113 ||   174
       Confused          |     1 |     6 |    27 |    28 ||    62
       Distracted        |       |       |     5 |     4 ||     9
       Invisible         |       |       |     2 |     3 ||     5
  Eat: Bread ration      |       |       |     1 |       ||     1
       Royal jelly       |       |       |     1 |       ||     1
       Pizza             |       |       |     4 |     3 ||     7
       Fruit             |       |       |       |     4 ||     4
